 Dungeon Crawl Stone Soup version 0.31-a0-1104-g3bd3108e02 (webtiles) character file.

Game seed: 9342190475485457023

76 inmateoo the Trooper (level 4, -2/29 HPs)
             Began as a Gargoyle Fighter on Dec 2, 2023.
             Slain by Crazy Yiuf
             ... wielding a +2 quarterstaff of chaos
              (8 damage)
             ... on level 2 of the Dungeon.
             The game lasted 00:00:57 (1634 turns).

inmateoo the Trooper (Gargoyle Fighter)             Turns: 1634, Time: 00:00:57

Health: -2/29      AC: 17    Str: 20    XL:     4   Next: 32%
Magic:  4/4        EV:  9    Int:  8    God:
Gold:   52         SH:  4    Dex: 11    Spells: 3/3 levels left

rFire   . . .        j - +1 hammer (protect)
rCold   . . .        c - +0 buckler
rNeg    + . .        b - +0 scale mail
rPois   ∞            (no helmet)
rElec   +            (no cloak)
rCorr   .            (no gloves)
SInv    .            (no boots)
Will    .....        (no amulet) Stlth
                     (no ring)
HPRegen 0.24/turn    (no ring)
MPRegen 0.09/turn

%: no passive effects
@: under a protective aura
A: sickness immunity, AC +3, negative energy resistance 1, electricity
resistance, torment resistance 1, petrification resistance
a: no special abilities


You were on level 2 of the Dungeon.
You visited 1 branch of the dungeon, and saw 2 of its levels.

You collected 52 gold pieces.

Inventory:

Hand Weapons
 a - a +0 flail
 j - a +1 hammer of protection (weapon)
Armour
 b - a +0 scale mail (worn)
 c - a +0 buckler (worn)
Jewellery
 f - a ring of ice
 g - an amulet of faith
Scrolls
 e - a scroll of vulnerability {unknown}
 i - a scroll of teleportation {unknown}
Potions
 d - 3 potions of might
 h - 2 potions of resistance {unknown}


   Skills:
 + Level 3.8 Fighting
 * Level 3.2 Maces & Flails
 + Level 3.8 Armour
 + Level 3.8 Shields


You had 3 spell levels left.
You didn't know any spells.
Your spell library was empty.

Dungeon Overview and Level Annotations

Branches:
Dungeon (2/15)

Altars:

Shops:
D:1 =

Annotations:
D:2 Crazy Yiuf


Innate Abilities, Weirdness & Mutations

You are immune to sickness and miasma.
Your stone body is resilient. (AC +3)
You are immune to poison.
You resist negative energy. (rN+)
You are resistant to electric shocks. (rElec)
You are resistant to unholy torment.
You are immune to petrification.


Message History

Found two hammers.
Found two hammers.
You see here a +0 hammer.
You see here a +0 hammer.
You see here a +1 hammer of protection.
Found a hammer.
Found a runed translucent door.
You see here a +1 hammer of protection.
j - a +1 hammer of protection Your +1 hammer of protection hums with potential!
j - a +1 hammer of protection (weapon)
Crazy Yiuf shouts!
You open the door.
Crazy Yiuf zaps a wand.
The puff of flame hits you!
Crazy Yiuf zaps a wand.
The puff of flame misses you.
There is an open translucent door here.
You thump Crazy Yiuf!
Your weapon exudes an aura of protection.
Crazy Yiuf is heavily wounded.
Crazy Yiuf hits you with a +2 quarterstaff of chaos.
Crazy Yiuf burns you.
You closely miss Crazy Yiuf.
Crazy Yiuf is heavily wounded.
Crazy Yiuf says, "Ten King koolooloo!"
Crazy Yiuf hits you but does no damage.
Crazy Yiuf zaps a wand.
The puff of flame hits you but does no damage.
You hit Crazy Yiuf.
Crazy Yiuf is severely wounded.
Crazy Yiuf barely misses you.
You hit Crazy Yiuf but do no damage.
Crazy Yiuf is severely wounded.
Crazy Yiuf says, "Paint!
Dawk bush dark."
You block Crazy Yiuf's attack.
You hit Crazy Yiuf but do no damage.
Crazy Yiuf is severely wounded.
Crazy Yiuf hits you with a +2 quarterstaff of chaos!
Crazy Yiuf burns you.
* * * LOW HITPOINT WARNING * * *
You completely miss Crazy Yiuf.
Crazy Yiuf is severely wounded.
Crazy Yiuf hits you with a +2 quarterstaff of chaos!
You die...

#))))#
#))))#
##)..#
##.##
##.#
#.##
##.#
#.##
#@#
#.g.#
#...#
#)..#
#####


You could see Crazy Yiuf.

Vanquished Creatures
  Natasha (twice) (D:1)
  A gnoll (D:1)
  A ball python (D:1)
  2 endoplasms
  A goblin (D:1)
  2 hobgoblins (D:1)
  A kobold (D:1)
  2 quokkas (D:1)
  A bat (D:1)
  2 frilled lizards (D:1)
  4 rats
19 creatures vanquished.

Notes
Turn   | Place    | Note
-------+----------+-------------------------------------------
     0 | D:1      | inmateoo the Gargoyle Fighter began the quest for the Orb.
     0 | D:1      | Reached XP level 1. HP: 14/14 MP: 1/1
    84 | D:1      | Reached XP level 2. HP: 8/19 MP: 2/2
   347 | D:1      | Found Odyp's Jewellery Emporium.
   725 | D:1      | Reached XP level 3. HP: 23/23 MP: 3/3
   754 | D:2      | Noticed Natasha
   766 | D:1      | Killed Natasha
   843 | D:1      | Noticed Natasha
   848 | D:1      | Killed Natasha
   849 | D:1      | Reached XP level 4. HP: 29/29 MP: 4/4
  1617 | D:2      | Found a runed translucent door.
  1624 | D:2      | Noticed Crazy Yiuf
  1634 | D:2      | Slain by Crazy Yiuf

Illustrated notes

Levels and vault maps discovered:
D:1:      minmay_arrival_split_and_join, layout_basic, serial_shops, shop,
          amcnicky_mini_rare_corridor_liquid, dreamdust_mushroom_princess
D:2:      layout_rooms, basic_altar, corexii_leaking_fountain, uniq_sigmund,
          uniq_crazy_yiuf_cottage, uniq_natasha, uniq_robin

Skill      XL: |  1  2  3 |
---------------+----------+-----
Maces & Flails | 3 |  3.2
Fighting       | |  3.8
Armour         | |  3.8
Shields        | |  3.8

Action                     |  1- 3 |  4- 6 || total
---------------------------+-------+-------++-------
  Melee: Flail             |    45 |     3 ||    48
         Mace              |       |     6 ||     6
 Armour: Scale mail        |    36 |     8 ||    44
  Dodge: Dodged            |    23 |     4 ||    27
  Block: Buckler           |    16 |     2 ||    18

Table legend: (Time is in decaauts)
 A = Elapsed time spent in this place.
 B = Non-inter-level travel time spent in this place.
 C = Inter-level travel time spent in this place.
 D = Time resting spent in this place.
 E = Time spent auto-exploring this place.
 F = Levels seen in this place.
 G = Mean time per level.
                   A        B        C        D        E       F      G
               +--------+--------+--------+--------+--------+-----+--------+
         Total |   1651 |   1635 |     16 |    816 |    645 |   2 |  825.5 |
       Dungeon |   1651 |   1635 |     16 |    816 |    645 |   2 |  825.5 |
               +--------+--------+--------+--------+--------+-----+--------+

Top non-repeatable levels by time:
     D:1: 1563 daAuts
     D:2: 87 daAuts
